 Dungeon Crawl Stone Soup version 0.19.0-2-gae57169 (webtiles) character file.

184 MovingMist the Skirmisher (level 5, 0/34 HPs)
             Began as a Gargoyle Fighter on Nov 5, 2016.
             Slain by an ogre
             ... wielding a +0 giant club
              (5 damage)
             ... on level 3 of the Dungeon.
             The game lasted 00:05:52 (1672 turns).

MovingMist the Skirmisher (Gargoyle Fighter)        Turns: 1672, Time: 00:05:53

Health: 0/34       AC: 14    Str: 20    XL:     5   Next: 64%
Magic:  5/5        EV:  5    Int:  9    God:
Gold:   79         SH:  9    Dex:  9    Spells: 0 memorised, 4 levels left

rFire  . . .     SeeInvis .     a - +0 flail
rCold  . . .     Gourm    .     e - +0 chain mail
rNeg   + . .     Faith    .     c - +0 shield
rPois  ∞         Spirit   .     (no helmet)
rElec  +         Reflect  .     (no cloak)
rCorr  .         Harm     .     k - +0 pair of gloves
MR     .....                    (no boots)
Stlth  ..........               (no amulet)
                                (no ring)
                                (no ring)

@: no status effects
A: negative energy resistance 1, electricity resistance, unbreathing,
petrification resistance, rot immunity, AC +4
a: no special abilities


You were on level 3 of the Dungeon.
You were not hungry.

You visited 1 branch of the dungeon, and saw 3 of its levels.

You collected 79 gold pieces.

Inventory:

Hand Weapons
 a - a +0 flail (weapon)
Armour
 c - a +0 shield (worn)
 e - a +0 chain mail (worn)
 k - a +0 pair of gloves (worn)
Jewellery
 o - an uncursed amulet of harm {unknown}
Scrolls
 b - a scroll of fear
 n - a scroll of amnesia
 p - a scroll of identify {unknown}
Potions
 d - a potion of might
 g - a potion of degeneration {unknown}
 h - a potion of brilliance {unknown}
 l - a potion of heal wounds {unknown}
 q - a potion of curing {unknown}
Comestibles
 f - a bread ration
 i - 2 meat rations
 j - a royal jelly
 m - a chunk of flesh


   Skills:
 + Level 4.4 Fighting
 * Level 3.7 Maces & Flails
 - Level 3.2 Armour
 + Level 1.4 Dodging
 + Level 4.2 Shields


You had 4 spell levels left.
You didn't know any spells.

Dungeon Overview and Level Annotations

Branches:
Dungeon (3/15)

Altars:
Dithmenos
Nemelex Xobeh
Qazlal
Sif Muna


Innate Abilities, Weirdness & Mutations

You are resistant to torment.
Your stone body is resilient. (AC +4)
You are immune to poison.
You resist negative energy. (rN+)
You are resistant to electric shocks. (rElec)
You can survive without breathing.
You are immune to petrification.
You are immune to rotting.


Message History

The bat hits you but does no damage. x2
You closely miss the bat. The bat hits you but does no damage.
You hit the ogre.
The ogre is lightly wounded.
The ogre hits you with a giant club.
You thump the ogre!
The ogre is heavily wounded.
The ogre hits you but does no damage.
You barely miss the ogre.
The ogre is heavily wounded.
The ogre barely misses you.
You completely miss the ogre.
The ogre is heavily wounded.
The ogre hits you with a giant club!
Ouch! That really hurt!
* * * LOW HITPOINT WARNING * * *
You thump the ogre!
The ogre is almost dead.
The ogre hits you with a giant club.
You die...

#.⌠.⌠##
#...........
####.#.##
#.........#
#......#
###.......#
##......#
#.......#
#.......#
##).....##
##.##....#
#........#
#...##.###
##........#
#...##.#
##.........#
##...####
#(@##.....##
.......##
#O####...##
........## #.b#
##### ..≈≈≈....#
....#
.≈≈≈≈≈...##.....#
≈≈...≈≈...#......
≈≈.>.≈≈...#.....#
≈≈...≈≈...#....!#
.≈≈≈≈≈...##.....#


You could see an ogre and a bat.

Vanquished Creatures
  A howler monkey (D:3)
  An orc wizard (D:3)
  2 adders (D:2)
  3 gnolls (D:2)
  A dart slug (D:1)
  2 leopard geckos
  An orc (D:3)
  6 giant cockroaches
  8 goblins
  7 hobgoblins
  11 jackals (D:1)
  6 kobolds
  7 bats
  A frilled lizard (D:2)
  8 rats
65 creatures vanquished.

Notes
Turn   | Place    | Note
-------+----------+-------------------------------------------
     0 | D:1      | MovingMist the Gargoyle Fighter began the quest for the Orb.
     0 | D:1      | Reached XP level 1. HP: 14/14 MP: 1/1
   179 | D:1      | Reached XP level 2. HP: 16/19 MP: 2/2
   372 | D:1      | Reached XP level 3. HP: 24/24 MP: 3/3
   906 | D:2      | Reached XP level 4. HP: 28/29 MP: 4/4
   957 | D:2      | Found a stormy altar of Qazlal.
  1117 | D:2      | Reached skill level 1 in Dodging
  1135 | D:2      | Found a shadowy altar of Dithmenos.
  1454 | D:3      | Found a sparkling altar of Nemelex Xobeh.
  1480 | D:3      | Found a deep blue altar of Sif Muna.
  1515 | D:3      | Reached XP level 5. HP: 25/33 MP: 5/5
  1658 | D:3      | Noticed an ogre
  1672 | D:3      | Slain by an ogre

Skill      XL: |  1  2  3  4 |
---------------+-------------+-----
Fighting       | 4 |  4.4
Maces & Flails | 3 |  3.7
Dodging        | 1 |  1.4
Shields        | 4 |  4.2
Armour         | |  3.2

Action                   |  1- 3 |  4- 6 || total
-------------------------+-------+-------++-------
Melee: Flail             |   133 |   116 ||   249
  Use: Scroll            |     4 |     2 ||     6
  Eat: Chunk             |       |     3 ||     3
Armor: Scale mail        |    37 |       ||    37
       Chain mail        |    54 |    86 ||   140
Dodge: Dodged            |    44 |    28 ||    72
Block: Shield            |    82 |    64 ||   146
